Map: Abiogenesis LE

Players

fruitcake

  • Race: Zerg Zerg
  • Spawn Location: 11:00

A.I. 1 (Elite) - Winner!

  • Race: Zerg Zerg
  • Spawn Location: 5:00

VOD

Have the link to the VOD?

Description

Time

  • Played on: May 5, 2018, 9:48 p.m.
  • Length: 13:24
Show
View Real Time Build Order
Export as new Build Order

fruitcake Zerg 

Build Orders: Hatch First 

Get SALT Encoding   

  12  0:03  Drone  
  13  0:13  Drone  
  14  0:21  Drone, Extractor  
  14  0:32  Overlord  
  14  0:53  Hatchery  
  14  0:56  Drone  
  14  0:57  Drone  
  15  1:11  Drone x2  
  17  1:25  Spawning Pool  
  16  1:30  Drone  
  17  1:40  Drone x2  
  17  1:46  Extractor  
  18  1:52  Drone  
  19  2:05  Drone  
  20  2:09  Drone  
  20  2:15  Drone  
  22  2:17  Queen  
  22  2:21  Queen  
  26  2:30  Overlord  
  26  2:34  Zergling x2  
  27  2:42  Overlord  
  27  2:45  Zergling x2  
  27  2:48  Zergling x2  
  29  2:53  Drone  
  30  3:02  Drone  
  31  3:05  Zergling x2  
  31  3:06  Zergling x2  
  33  3:16  Zergling x2  
  33  3:17  Zergling x2  
  35  3:25  Roach Warren  
  34  3:33  Drone  
  36  3:34  Drone  
  36  3:36  Drone  
  36  3:37  Overlord  
  36  3:38  Overlord  
  37  3:43  Drone x2  
  37  3:44  Drone x3  
  43  3:55  Drone  
  43  4:07  Drone x2  
  43  4:09  Overlord  
  45  4:13  Roach  
  45  4:14  Roach  
  45  4:16  Drone x2  
  52  4:17  Drone  
  52  4:18  Drone  
  53  4:24  Lair  
  53  4:30  Drone, Evolution Chamber  
  53  4:44  Extractor  
  53  4:45  Drone, Extractor  
  52  4:46  Drone  
  52  4:51  Roach x3  
  58  5:02  Roach  
  58  5:03  Roach x3  
  66  5:08  Drone  
  67  5:19  Overlord  
  67  5:29  Overlord  
  67  5:30  Overlord  
  67  5:34  Drone  
  68  5:39  Glial Reconstitution  
  68  5:52  Hydralisk Den  
  67  5:58  Roach x2  
  67  5:59  Roach x2  
  67  6:00  Roach  
  67  6:02  Roach x4  
  85  6:16  Roach  
  85  6:17  Roach  
  89  6:32  Hydralisk  
  91  6:37  Overlord x2  
  91  6:38  Overlord  
  91  6:41  Overlord  
  91  6:42  Overlord x3  
  91  6:51  Zerg Missile Weapons Level 1  
  91  6:54  Grooved Spines  
  91  6:59  Hydralisk  
  91  7:00  Hydralisk x3  
  99  7:01  Hydralisk  
  99  7:02  Hydralisk  
  99  7:06  Drone  
  104  7:18  Hydralisk x5  
  114  7:28  Hydralisk x2  
  114  7:29  Hydralisk x2  
  122  7:36  Hydralisk  
  122  7:37  Hydralisk  
  126  7:57  Overlord  
  126  7:58  Overlord  
  126  8:04  Hydralisk x3  
  132  8:09  Zergling x2  
  133  8:16  Drone  
  133  8:18  Hydralisk x2  
  138  8:41  Infestation Pit  
  137  8:54  Spine Crawler  
  136  8:55  Spine Crawler  
  136  8:57  Spine Crawler  
  136  8:58  Roach, Hydralisk  
  136  8:59  Roach, Hydralisk x3  
  136  9:00  Roach x3  
  152  9:07  Muscular Augments  
  152  9:19  Infestor  
  152  9:20  Infestor  
  156  9:36  Pathogen Glands  
  156  9:56  Hatchery  
  155  10:08  Overlord  
  155  10:09  Overlord  
  155  10:12  Overlord x2  
  155  10:26  Infestor  
  157  10:28  Roach, Hydralisk x2  
  157  10:29  Roach x3, Hydralisk  
  157  10:30  Drone  
  157  10:33  Drone  
  158  10:48  Hydralisk  
  158  10:49  Drone x2, Hydralisk  
  104  10:53  Hydralisk  
  70  10:58  Roach  
  72  11:06  Hydralisk x2  
  72  11:07  Roach x2  
  72  11:10  Drone  
  81  11:21  Queen  
  81  11:25  Queen  
  85  11:27  Drone  
  85  11:29  Hydralisk  
  85  11:30  Roach x2, Hydralisk  
  94  11:43  Drone x2  
  94  11:44  Drone x3  
  99  11:49  Drone x2  
  99  11:52  Extractor x2  
  99  11:55  Hydralisk  
  101  12:03  Overlord  
  101  12:04  Overlord  
  101  12:31  Hydralisk x2  
  101  12:32  Roach x2, Hydralisk  
  101  12:34  Infestor x2  
  109  12:44  Hydralisk x2  
  109  12:45  Roach  
  105  12:58  Hydralisk x3  
  89  12:59  Roach x4  
Show
View Real Time Build Order
Export as new Build Order

A.I. 1 (Elite) Zerg - Winner!

Build Orders: Pool First 

Get SALT Encoding   

  12  0:00  Drone  
  13  0:12  Overlord  
  13  0:17  Drone  
  14  0:31  Drone x2  
  16  0:42  Spawning Pool  
  15  0:45  Drone  
  15  0:49  Drone  
  17  1:13  Hatchery  
  17  1:14  Drone  
  17  1:17  Extractor  
  16  1:18  Extractor  
  16  1:21  Drone  
  16  1:25  Drone  
  17  1:29  Drone  
  18  1:38  Drone  
  19  1:49  Overlord  
  19  1:57  Queen  
  21  2:02  Zergling x2  
  22  2:11  Drone  
  23  2:25  Queen  
  23  2:28  Drone  
  26  2:35  Drone  
  27  2:39  Drone  
  28  2:44  Drone  
  29  2:57  Roach Warren  
  28  3:00  Drone  
  28  3:02  Drone  
  30  3:06  Zergling x2  
  30  3:09  Zergling x2  
  32  3:15  Overlord  
  32  3:18  Drone  
  33  3:21  Drone  
  34  3:38  Roach x2  
  34  3:39  Roach  
  34  3:40  Roach  
  42  3:45  Lair  
  42  3:50  Overlord  
  42  3:54  Overlord  
  42  3:58  Zergling x2  
  42  4:00  Zergling x2  
  44  4:08  Zergling x2, Drone x2  
  44  4:09  Drone  
  48  4:13  Drone  
  48  4:15  Drone  
  50  4:19  Overlord  
  50  4:24  Roach  
  50  4:27  Roach  
  50  4:31  Roach  
  56  4:34  Roach  
  56  4:37  Overlord  
  58  4:44  Drone  
  59  4:46  Drone  
  59  4:48  Drone, Hydralisk Den  
  59  4:51  Roach  
  62  4:54  Roach  
  62  4:58  Overlord  
  64  5:05  Drone  
  64  5:07  Drone  
  66  5:09  Drone  
  66  5:11  Drone  
  66  5:12  Drone  
  69  5:15  Drone  
  69  5:17  Drone, Hydralisk  
  69  5:20  Hydralisk  
  75  5:24  Overlord  
  75  5:28  Hydralisk  
  75  5:31  Hydralisk  
  75  5:34  Drone  
  75  5:35  Drone  
  81  5:37  Drone  
  81  5:39  Drone  
  81  5:40  Drone  
  84  5:43  Drone  
  84  5:45  Overlord  
  84  5:48  Hydralisk  
  87  5:52  Hydralisk  
  89  6:00  Metabolic Boost  
  89  6:02  Evolution Chamber  
  89  6:03  Drone  
  89  6:04  Overlord  
  89  6:10  Hatchery  
  88  6:24  Ravager  
  88  6:25  Ravager, Evolution Chamber  
  90  6:26  Drone  
  90  6:28  Zerg Ground Armor Level 1  
  90  6:31  Roach, Evolution Chamber  
  90  6:32  Drone  
  92  6:34  Hydralisk  
  92  6:38  Hydralisk  
  96  6:41  Overlord  
  96  6:46  Infestation Pit  
  95  6:48  Drone  
  95  6:51  Zerg Melee Weapons Level 1  
  96  6:55  Extractor  
  96  6:56  Extractor  
  96  6:57  Zerg Missile Weapons Level 1  
  96  6:58  Drone  
  95  7:09  Roach  
  95  7:10  Drone, Spine Crawler  
  97  7:17  Overseer  
  97  7:18  Drone x4, Spine Crawler, Overlord  
  97  7:19  Drone x3  
  97  7:22  Roach  
  105  7:23  Drone x2  
  105  7:24  Drone  
  105  7:25  Drone, Infestor  
  105  7:28  Drone  
  112  7:30  Drone  
  112  7:33  Drone  
  112  7:35  Drone  
  112  7:36  Drone  
  116  7:43  Overlord  
  116  7:46  Drone x2, Infestor  
  116  7:47  Drone  
  116  7:48  Drone  
  116  7:50  Drone  
  116  7:51  Drone x2  
  124  7:54  Drone  
  124  7:56  Glial Reconstitution  
  124  7:58  Drone x2  
  128  8:01  Pneumatized Carapace  
  128  8:05  Overlord  
  127  8:08  Drone  
  127  8:09  Drone  
  129  8:16  Roach, Extractor  
  129  8:18  Roach x3  
  136  8:23  Roach x4, Overlord  
  144  8:33  Extractor  
  144  8:34  Roach  
  145  8:40  Hydralisk  
  145  8:41  Drone, Hydralisk  
  148  8:42  Spore Crawler, Overlord  
  148  8:44  Drone  
  151  8:48  Drone, Hydralisk  
  151  8:50  Spore Crawler, Drone  
  153  8:57  Zerg Missile Weapons Level 2  
  153  9:00  Drone x2, Hydralisk x3, Overlord  
  161  9:03  Overseer  
  161  9:04  Overseer  
  161  9:17  Hydralisk  
  161  9:18  Queen, Hydralisk, Overlord  
  161  9:20  Spine Crawler  
  166  9:24  Zerg Ground Armor Level 2  
  166  9:31  Burrow  
  166  9:32  Spine Crawler  
  166  9:34  Spine Crawler  
  166  9:36  Queen, Overlord  
  166  9:37  Hatchery  
  165  9:42  Lurker Den, Drone  
  165  9:52  Hydralisk x2  
  167  9:55  Hydralisk  
  167  9:56  Overlord  
  167  9:58  Hydralisk  
  173  10:06  Zergling x2  
  174  10:12  Spore Crawler  
  173  10:14  Spore Crawler, Overlord  
  173  10:17  Spine Crawler  
  173  10:18  Drone  
  173  10:20  Zergling x2, Infestor  
  173  10:21  Hive  
  173  10:26  Zergling x2  
  174  10:32  Roach, Spine Crawler  
  173  10:36  Roach x2, Spore Crawler  
  173  10:38  Drone, Spine Crawler  
  173  10:39  Roach  
  173  10:40  Spore Crawler  
  173  10:41  Drone  
  172  10:43  Hydralisk  
  172  10:44  Hydralisk x2  
  172  10:45  Roach, Zergling x2, Hydralisk, Infestor  
  172  10:47  Roach  
  172  10:49  Roach  
  166  10:50  Roach  
  166  10:51  Drone x4  
  166  10:52  Drone x4  
  166  10:53  Drone  
  174  10:59  Zerg Melee Weapons Level 2  
  174  11:12  Lurker  
  174  11:13  Extractor  
  174  11:15  Drone  
  174  11:16  Hatchery  
  174  11:17  Drone  
  175  11:18  Extractor  
  175  11:19  Drone  
  175  11:22  Spine Crawler  
  175  11:24  Drone  
  175  11:31  Lurker  
  176  11:33  Viper  
  176  11:39  Zergling x2  
  180  11:58  Viper  
  180  12:01  Spine Crawler  
  182  12:02  Drone  
  183  12:10  Spine Crawler  
  183  12:11  Drone, Infestor x2  
  183  12:14  Spore Crawler  
  183  12:15  Drone  
  187  12:17  Ultralisk Cavern  
  187  12:18  Drone  
  187  12:20  Spine Crawler  
  187  12:21  Drone  
  187  12:23  Spore Crawler, Drone  
  187  12:27  Queen  
  187  12:29  Roach  
  189  12:30  Roach  
  188  12:40  Extractor  
  188  12:41  Zergling x4, Drone  
  188  12:43  Infestor  
  181  12:48  Roach  
  181  12:49  Drone, Hatchery, Extractor  
  181  12:50  Drone  
  181  12:51  Spore Crawler  
  181  12:53  Drone  
  181  12:54  Hydralisk x2  
  181  12:55  Roach  
  181  12:56  Roach  
  179  12:58  Roach  
  179  12:59  Roach  
  179  13:01  Spine Crawler  
  179  13:03  Drone  
  179  13:04  Spine Crawler  
  179  13:05  Drone  
  183  13:06  Spine Crawler  
  183  13:08  Drone, Spine Crawler  
  183  13:11  Drone  
Tags
 
Add a new tag
Caveats
  • Supply blocks, unpowered buildings, or Contaminate may cause inaccurate times.
  • Supply counts are checked every 10 seconds.